 Dungeon Crawl Stone Soup version 0.29-a0-334-gb41bcbb86e (webtiles) character file.

Game seed: 12504840921256973869

17770 spaghetti the Cruncher (level 12, -1/97 HPs)
             Began as a Demonspawn Fighter on Apr 13, 2022.
             Was an Initiate of Gozag.
             Slain by an eight-headed hydra (2 damage)
             ... on level 2 of the Lair of Beasts.
             The game lasted 00:20:00 (11009 turns).

spaghetti the Cruncher (Demonspawn Fighter)        Turns: 11009, Time: 00:20:01

Health: -1/97      AC: 18    Str: 25    XL:     12   Next: 21%
Magic:  0/19       EV: 10    Int: 11    God:    Gozag
Gold:   324        SH:  0    Dex: 12    Spells: 20/20 levels left

rFire   + . .      SeeInvis .   J - +4 lajatang (vamp) {staff}
rCold   . . .      Faith    .   (shield currently unavailable)
rNeg    . . .      Spirit   +   b - +0 scale mail
rPois   .          Reflect  .   w - +1 helmet
rElec   .          Harm     .   (no cloak)
rCorr   .          Rampage  .   (no gloves)
Will    ++...                   n - +2 pair of boots
Stlth   ..........              o - amulet "Testamea" {Acrobat Str+4}
HPRegen 0.26/turn               D - ring of willpower
MPRegen 0.32/turn               (no ring)

@: gold aura, slowed, very slow
A: hooves 2, molten scales 3, spiny 1, magic shield, magic regeneration, demonic
willpower
a: Renounce Religion, Potion Petition, Call Merchant, Bribe Branch


You were on level 2 of the Lair of Beasts.
You worshipped Gozag.
Gozag was aware of your devotion.
You visited 3 branches of the dungeon, and saw 14 of its levels.
You also visited: Sewer.

You collected 1926 gold pieces.
You spent 572 gold pieces at shops.
You paid 1030 gold pieces to Gozag.


Innate Abilities, Weirdness & Mutations

You have hoof-like feet.
You are completely covered in molten scales. (AC +4, rF+)
You are partially covered in sharp spines.
When hurt, damage is shared between your health and your magic reserves.
You regenerate magic rapidly.
You punish those that try to bend your will. (Will+)


   Skills:
 + Level 10.3 Fighting
 - Level 1.7 Axes
 * Level 12.6 Staves
 - Level 8.3 Armour
 - Level 2.6 Shields
 + Level 4.7 Spellcasting
 - Level 5.0 Evocations


You had 20 spell levels left.
You didn't know any spells.
Your spell library contained the following spells:

 Spells                   Type           Power      Damage    Failure   Level
 Animate Skeleton         Necr           4%         N/A       43%         1
 Foxfire                  Conj/Fire      8%         2x1d4     43%         1
 Pain                     Necr           8%         1d4       43%         1
 Slow                     Hex            8%         N/A       43%         1
 Static Discharge         Conj/Air       2%         N/A       56%         2
 Confusing Touch          Hex            2%         N/A       80%         3
 Conjure Flame            Conj/Fire      2%         6-21      80%         3
 Inner Flame              Hex/Fire       2%         N/A       80%         3
 Vampiric Draining        Necr           2%         2d6       80%         3
 Animate Dead             Necr           1%         N/A       99%         4
 Dispel Undead            Necr           2%         3d7       99%         4
 Flame Wave               Conj/Fire      2%         2d4       99%         4
 Sticky Flame             Conj/Fire      2%         2d3       99%         4
 Haunt                    Necr/Summ      1%         N/A       100%        7
 Infestation              Necr           1%         N/A       100%        8

Inventory:

Hand Weapons
 e - a +2 whip of flaming {mace}
   (You took it off a gnoll on level 3 of the Dungeon)
 J - a +4 vampiric lajatang (weapon) {staff}
   (You bought it in a shop on level 1 of the Dungeon)
Missiles
 a - 2 boomerangs {throwing}
 f - 37 poisoned darts (quivered) {throwing}
 g - 288 stones {throwing}
 i - 4 silver javelins {throwing}
 j - 6 curare-tipped darts {=fthrowing}
 u - 3 throwing nets {=f!fthrowing}
Armour
 b - a +0 scale mail (worn)
 n - a +2 pair of boots (worn)
   (You found it on level 1 of the Dungeon)
 w - a +1 helmet (worn)
   (You found it on level 3 of the Dungeon)
Jewellery
 o - the amulet "Testamea" (around neck) {Acrobat Str+4}
   (You acquired it on level 4 of the Lair of Beasts)

   [amulet of the acrobat]

   It increases your evasion while moving and waiting.
   Str:       It affects your strength (+4).
 y - a ring of ice
   (You found it on level 4 of the Dungeon)
 D - a ring of willpower (left hand)
   (You found it on level 5 of the Dungeon)
 G - a ring of flight
   (You took it off a gnoll sergeant on level 8 of the Dungeon)
Wands
 l - a wand of flame (9)
   (You found it on level 8 of the Dungeon)
 s - a wand of digging (7)
   (You took it off a gnoll on level 8 of the Dungeon)
 I - a wand of polymorph (15)
   (You found it on level 6 of the Dungeon)
Scrolls
 c - 4 scrolls of identify {@r1}
 h - 3 scrolls of vulnerability {!r!r}
 k - a scroll of immolation {!r!r}
 m - 3 scrolls of magic mapping {!r}
 p - 2 scrolls of amnesia
 v - 4 scrolls of enchant armour
 L - a scroll of fog
Potions
 d - 3 potions of brilliance
 t - 4 potions of attraction {unknown}
 x - a potion of resistance {unknown}
 z - 2 potions of degeneration {unknown}
 E - 2 potions of might
 H - a potion of lignification {unknown}
 K - a potion of cancellation

Dungeon Overview and Level Annotations

Branches:
Dungeon (9/15)             Temple (1/1) D:4            Lair (4/6) D:8
 Spider (0/4) Lair:4        Sewer (visited)
  Swamp: Lair:2-4    Shoals: Lair:2-4       Orc: D:9-12

Altars:
Ashenzari
Cheibriados
Dithmenos
Elyvilon
Fedhas
Gozag
Hepliaklqana
Kikubaaqudgha
Makhleb
Nemelex Xobeh
Okawaru
Qazlal
Ru
Sif Muna
Trog
Vehumet
Xom
Yredelemnul
Zin

Shops:
D:1 (   Lair:3 [

Portals:
Volcano: Lair:1

Annotations:
D:7 Maggie
Lair:1 2 runed translucent doors

######♣.♣#####
♣♣.♣♣#.....#
#♣...♣#♣...♣#
#.....#.♣.♣.#♣ #
$#.....#♣...♣#≈♣♣ #.#
#.....#.....#♣≈. $ #..
#.♣♣♣.##♣'♣## .≈♣
##?}F##♣.♣.♣#..>..#♣♣♣≈
#$[lwD@$♣♣♣.'..8..'.≈.≈
##$lS##♣.♣.♣#..<..#≈.≈≈
#.h ♣♣♣.##♣'♣##≈♣♣≈ #.#
.#.....#≈♣♣♣ #
.#.♣♣♣.#≈♣♣♣ .#.
♣.#♣≈P♣ ♣#.♣♣♣.#♣.≈≈ $
#.....#♣♣.♣ ##♣.♣## ###


You could see an eight-headed hydra, a torpor snail, a polar bear, a komodo
dragon (unaware), a basilisk, a water moccasin and a bullfrog.


Message History

You feel much better.
The eight-headed hydra roars!
The water moccasin is distracted by your dazzling golden aura.
The torpor snail is distracted by your dazzling golden aura.
The water moccasin hisses angrily. 😨 HP[+24] MP[+1]
You regained 24 hp, and now have 38/97 hp.
As you read the scroll of teleportation {@r4}, it crumbles to dust.
You feel strangely unstable.
The eight-headed hydra is no longer distracted by gold.
The eight-headed hydra is struck by your spines.
The eight-headed hydra bites you but does no damage.
The eight-headed hydra barely misses you.
The eight-headed hydra bites you!
* * * LOW HITPOINT WARNING * * *
The eight-headed hydra bites you.
* * * LOW HITPOINT WARNING * * *
The eight-headed hydra bites you.
* * * LOW HITPOINT WARNING * * *
The eight-headed hydra barely misses you.
The eight-headed hydra bites you but does no damage.
The eight-headed hydra closely misses you.
The polar bear is distracted by your dazzling golden aura. 😨 HP[-10] MP[-1]
You take 10 damage, and now have 28/97 hp.
You lost 1 mp, and now have 2/18 mp.
You feel much better.
The eight-headed hydra bites you but does no damage.
The eight-headed hydra bites you.
The eight-headed hydra closely misses you.
The eight-headed hydra barely misses you. x2
The eight-headed hydra misses you. The eight-headed hydra bites you.
* * * LOW HITPOINT WARNING * * *
The eight-headed hydra closely misses you. 😨 HP[+18]
You regained 18 hp, and now have 46/97 hp.
Unknown command.
Unknown command.
It was a potion of cancellation.
You feel strangely stable.
Your magical effects are unravelling.
You feel magically purged.
You feel yourself slow down.
The torpor snail is no longer distracted by gold.
The wyvern is no longer distracted by gold.
The wyvern bites you.
* * * LOW HITPOINT WARNING * * *
The eight-headed hydra is struck by your spines.
The eight-headed hydra bites you but does no damage. x2
The eight-headed hydra bites you!
* * * LOW HITPOINT WARNING * * *
The eight-headed hydra bites you.
* * * LOW HITPOINT WARNING * * *
The eight-headed hydra closely misses you.
The eight-headed hydra bites you but does no damage.
The eight-headed hydra barely misses you.
The eight-headed hydra bites you but does no damage. 😨 HP[-14] MP[-1]
You take 14 damage, and now have 32/97 hp.
You lost 1 mp, and now have 1/18 mp.
Unknown command.
Unknown command.
Okay, then.
Okay, then.
The polar bear growls angrily.
You slice the wyvern!!
You kill the wyvern!
The eight-headed hydra is struck by your spines.
The eight-headed hydra closely misses you.
The eight-headed hydra bites you.
* * * LOW HITPOINT WARNING * * *
The eight-headed hydra barely misses you.
The eight-headed hydra bites you.
* * * LOW HITPOINT WARNING * * *
The eight-headed hydra bites you.
* * * LOW HITPOINT WARNING * * *
The eight-headed hydra bites you but does no damage.
The eight-headed hydra bites you!
* * * LOW HITPOINT WARNING * * *
The eight-headed hydra bites you!
* * * LOW HITPOINT WARNING * * *
😱 HP[-29] MP[-1]
You take 29 damage, and now have 3/97 hp.
MASSIVE DAMAGE!! (PAUSE) Unknown command.
Okay, then.
Okay, then.
Okay, then.
You feel better.
The water moccasin is no longer distracted by gold.
The komodo dragon is distracted by your dazzling golden aura.
The eight-headed hydra bites you but does no damage.
The eight-headed hydra bites you.
* * * LOW HITPOINT WARNING * * *
The eight-headed hydra bites you!
* * * LOW HITPOINT WARNING * * *
The eight-headed hydra bites you but does no damage.
The eight-headed hydra bites you.
You die...
Your body crumbles into a pile of gold.

Skill      XL: |  1  2  3  4  5  6  7  8  9 10 11 |
---------------+----------------------------------+-----
Armour         | 3 5 6 8 |  8.3
Staves         | 2 5 8 10 12 | 12.6
Fighting       | 5 7 8 10 | 10.3
Evocations     | 4 5 |  5.0
Spellcasting   | 4 |  4.7
Axes           | |  1.7
Shields        | |  2.6

Action                   |  1- 3 |  4- 6 |  7- 9 | 10-12 || total
-------------------------+-------+-------+-------+-------++-------
Melee: War axe           |    89 |    38 |       |       ||   127
       Whip              |       |    32 |   197 |       ||   229
       Lajatang          |       |       |   118 |   273 ||   391
Throw: Dart              |     3 |     1 |     2 |    33 ||    39
Invok: Call Merchant     |       |       |       |     1 ||     1
       Potion Petition   |       |       |       |     1 ||     1
Evoke: Wand              |       |       |     7 |    11 ||    18
  Use: Potion            |     3 |       |     2 |     8 ||    13
       Scroll            |       |     4 |     6 |    11 ||    21
 Stab: Distracted        |       |       |     2 |     2 ||     4
Armor: Scale mail        |    55 |    39 |   172 |   151 ||   417
Dodge: Dodged            |    38 |    28 |   122 |   144 ||   332
Block: Buckler           |    24 |    12 |    31 |       ||    67

Levels and vault maps discovered:
D:1:      saegor_arrival_simple_b, layout_rooms, serial_shops,
          nicolae_shop_bloodbath_and_beyond, serial_corexii_hall,
          chequers_hall_statues_y, corexii_hall_statues_i
D:2:      layout_basic, uniq_terence, uniq_sigmund
D:3:      layout_rooms, elyvilon_altar_4, uniq_natasha
D:4:      layout_gridville, mainiacjoe_overflow_boulevard, temple_doors_e,
          feat_on_display
D:5:      lemuel_ice_spiral_2, layout_rooms, chei_slow_surprise,
          hangedman_abyss_or_decor_lesser_grid
D:6:      layout_basic, lemuel_round_altar, gup_sewer_entry_pipe
D:7:      nicolae_cairo_tiling_large_dashed, layout_rooms, kennysheep_mini,
          mainiacjoe_overflow_24_doors, uniq_maggie
D:8:      layout_rooms, lair_entry_dummy, serial_undead, serial_undead_e,
          serial_undead_b, serial_undead_c, serial_undead_b, minmay_between,
          uniq_pikel
D:9:      layout_loops_ring, nicolae_overflow_crystal_walls,
          hellmonk_scale_shop, uniq_maurice, uniq_psyche, uniq_joseph,
          uniq_erica
Temple:   eino_temple_lava
Lair:1:   layout_layer_cave, gammafunk_ghost_hydra_chop, gauntlet_entry_generic,
          enter_volcano_1, st_stairs_9
Lair:2:   nzn_winding_woodlands_stair_cross [nzn_winding_woodlands_5x15_default,
          nzn_winding_woodlands_center_pierced_h,
          nzn_winding_woodlands_5x15_parted,
          nzn_winding_woodlands_5x5_perimeter, nzn_winding_woodlands_hourglass,
          nzn_winding_woodlands_5x15_lazy_stream,
          nzn_winding_woodlands_center_garden,
          nzn_winding_woodlands_5x15_twine], layout_gridlike,
          minmay_swamp_entry_worms, nicolae_lair_run_with_the_wolves
Lair:3:   layout_roguey, minivault_19, grunt_forest_small_clearings
Lair:4:   layout_loops_ring, hellmonk_spider_entry_not_the_bees,
          minmay_lair_oklob_items

Notes
Turn   | Place    | Note
-------+----------+-------------------------------------------
     0 | D:1      | spaghetti the Demonspawn Fighter began the quest for the
                  | Orb.
     0 | D:1      | Reached XP level 1. HP: 18/18 MP: 1/1
     0 | D:1      | magus.rc [v1.9.6]
    77 | D:1      | Reached skill level 3 in Armour
   138 | D:1      | Gained mutation: You are partially covered in molten
                  | scales. (AC +2) [demonic ancestry]
   138 | D:1      | Reached XP level 2. HP: 24/24 MP: 2/2
   147 | D:1      | You pick up a book of Flames and begin reading...
   147 | D:1      | You add the spells Foxfire, Conjure Flame, Inner Flame and
                  | Flame Wave to your library.
   160 | D:1      | Found Jadwyach's Weapon Shop.
   656 | D:1      | Gained mutation: You regenerate magic rapidly. [demonic
                  | ancestry]
   656 | D:1      | Reached XP level 3. HP: 26/29 MP: 3/3
   914 | D:2      | Noticed Sigmund
   925 | D:2      | Killed Sigmund
   926 | D:2      | Reached skill level 2 in Staves
   926 | D:2      | Reached skill level 5 in Armour
   926 | D:2      | Gained mutation: You are partially covered in sharp spines.
                  | [demonic ancestry]
   926 | D:2      | Reached XP level 4. HP: 35/35 MP: 4/4
   926 | D:2      | Gained mutation: When hurt, damage is shared between your
                  | health and your magic reserves. [demonic ancestry]
   926 | D:2      | Reached XP level 5. HP: 41/41 MP: 5/5
  1755 | D:2      | Noticed Terence
  1769 | D:2      | Killed Terence
  1770 | D:2      | Gained mutation: You are mostly covered in molten scales.
                  | (AC +3) [demonic ancestry]
  1770 | D:2      | Reached XP level 6. HP: 22/47 MP: 1/6
  2373 | D:3      | Noticed a water moccasin
  2378 | D:3      | Killed a water moccasin
  2379 | D:3      | Reached skill level 6 in Armour
  2676 | D:3      | Noticed Natasha
  2680 | D:3      | Killed Natasha
  2793 | D:3      | Gained mutation: You have large cloven feet. [demonic
                  | ancestry]
  2793 | D:3      | Reached XP level 7. HP: 52/52 MP: 7/7
  2895 | D:3      | Noticed Natasha
  2899 | D:3      | Killed Natasha
  2967 | D:4      | Found a blossoming altar of Fedhas.
  3087 | D:4      | Found a staircase to the Ecumenical Temple.
  3300 | D:4      | You pick up a book of Necromancy and begin reading...
  3300 | D:4      | You add the spells Pain, Animate Skeleton and Vampiric
                  | Draining to your library.
  3486 | D:4      | Reached skill level 7 in Armour
  3826 | Temple   | Entered the Ecumenical Temple
  3900 | Temple   | Became a worshipper of Gozag Ym Sagoz the Greedy
  3942 | D:5      | Entered Level 5 of the Dungeon
  4109 | D:5      | Noticed a wyvern
  4122 | D:5      | Killed a wyvern
  4123 | D:5      | Reached skill level 8 in Armour
  4413 | D:5      | Gained mutation: You have hoof-like feet. [demonic
                  | ancestry]
  4413 | D:5      | Reached XP level 8. HP: 54/58 MP: 5/8
  4669 | D:5      | Found a snail-covered altar of Cheibriados.
  4676 | D:5      | Reached skill level 4 in Fighting
  4841 | D:6      | You pick up a book of Touch and begin reading...
  4841 | D:6      | You add the spells Static Discharge, Sticky Flame and
                  | Dispel Undead to your library.
  4917 | D:6      | Found a sparkling altar of Nemelex Xobeh.
  5080 | D:6      | Found a glowing drain.
  5094 | Sewer    | Entered a sewer
  5470 | Sewer    | Reached skill level 3 in Staves
  5565 | Sewer    | Reached skill level 5 in Fighting
  5630 | Sewer    | Reached skill level 4 in Staves
  5977 | D:1      | Bought a +1 vampiric lajatang for 572 gold pieces
  6249 | D:6      | Reached skill level 5 in Staves
  6396 | D:7      | Noticed Maggie
  6474 | D:7      | Found a broken altar of Ashenzari.
  6569 | D:7      | Gained mutation: You punish those that try to bend your
                  | will. (Will+) [demonic ancestry]
  6569 | D:7      | Reached XP level 9. HP: 68/68 MP: 9/9
  6570 | D:7      | Reached skill level 6 in Staves
  6726 | D:8      | You pick up a book of Touch and begin reading...
  6759 | D:8      | Reached skill level 6 in Fighting
  6859 | D:8      | You pick up a book of Death and begin reading...
  6859 | D:8      | You add the spells Animate Dead, Haunt and Infestation to
                  | your library.
  6932 | D:8      | Reached skill level 7 in Staves
  7362 | D:8      | Noticed Pikel
  7369 | D:8      | Killed Pikel
  7370 | D:8      | Reached skill level 7 in Fighting
  7370 | D:8      | Reached skill level 8 in Staves
  7380 | D:8      | Found a staircase to the Lair.
  7607 | D:8      | Reached XP level 10. HP: 79/79 MP: 10/10
  7819 | Lair:1   | Entered Level 1 of the Lair of Beasts
  7891 | Lair:1   | Noticed a cane toad
  7899 | Lair:1   | Killed a cane toad
  7900 | Lair:1   | Reached skill level 9 in Staves
  7900 | Lair:1   | Reached skill level 1 in Evocations
  7918 | Lair:1   | HP: 19/80 [komodo dragon (18)]
  7922 | Lair:1   | Reached skill level 2 in Evocations
  7923 | Lair:1   | HP: 12/80 [komodo dragon (17)]
  8081 | Lair:1   | Reached skill level 8 in Fighting
  8090 | Lair:1   | Reached skill level 3 in Evocations
  8234 | Lair:1   | Found a dark tunnel.
  8241 | Lair:1   | Found a runed translucent gate.
  8241 | Lair:1   | Found a runed translucent gate.
  8256 | Lair:1   | Noticed a cane toad
  8263 | Lair:1   | Killed a cane toad
  8264 | Lair:1   | Reached skill level 10 in Staves
  8297 | Lair:1   | Noticed a four-headed hydra
  8442 | Lair:2   | HP: 19/81 [blink frog (12)]
  8449 | Lair:2   | HP: 17/82 [wolf (2)]
  8457 | Lair:2   | HP: 20/82 [blink frog (6)]
  8461 | Lair:2   | Reached skill level 4 in Evocations
  8482 | Lair:2   | Reached XP level 11. HP: 31/87 MP: 5/11
  8495 | Lair:2   | Noticed a wolf spider
  8504 | Lair:2   | Killed a wolf spider
  8934 | Lair:2   | Reached skill level 1 in Spellcasting
  9038 | Lair:2   | Noticed a five-headed hydra
  9055 | Lair:2   | Reached skill level 9 in Fighting
  9215 | Lair:3   | Reached skill level 11 in Staves
  9219 | Lair:3   | Reached skill level 5 in Evocations
  9262 | Lair:3   | Reached skill level 2 in Spellcasting
  9586 | Lair:3   | Noticed a six-headed hydra
  9613 | Lair:4   | Noticed a four-headed hydra
  9707 | Lair:4   | HP: 22/89 [five-headed hydra (1)]
  9708 | Lair:4   | HP: 7/89 [five-headed hydra (6)]
  9709 | Lair:4   | Killed a five-headed hydra
 10073 | Lair:4   | Reached skill level 3 in Spellcasting
 10236 | Lair:4   | Reached skill level 12 in Staves
 10238 | Lair:4   | Identified a scroll of acquirement
 10241 | Lair:4   | Acquired the amulet "Testamea" {Acrobat Str+4}
 10335 | Lair:4   | You pick up a book of Debilitation and begin reading...
 10335 | Lair:4   | You add the spells Slow and Confusing Touch to your
                  | library.
 10385 | Lair:4   | Found a hole to the Spider Nest.
 10620 | Lair:2   | Reached skill level 4 in Spellcasting
 10624 | Lair:2   | Reached skill level 10 in Fighting
 10624 | Lair:2   | Gained mutation: You are completely covered in molten
                  | scales. (AC +4, rF+) [demonic ancestry]
 10624 | Lair:2   | Reached XP level 12. HP: 60/97 MP: 10/18
 10988 | Lair:2   | Noticed a death yak
 10989 | Lair:2   | Noticed a seven-headed hydra
 10999 | Lair:2   | Killed a death yak
 11003 | Lair:2   | HP: 23/97 [eight-headed hydra (2)]
 11008 | Lair:2   | HP: 22/97 [eight-headed hydra (5)]
 11008 | Lair:2   | HP: 3/97 [eight-headed hydra (8)]
 11009 | Lair:2   | HP: 1/97 [eight-headed hydra (7)]
 11009 | Lair:2   | Slain by an eight-headed hydra

Vanquished Creatures
  A hydra (Lair:4)
  A death yak (Lair:2)
  Pikel (D:8)
  A wolf spider (Lair:2)
  2 black mambas
  5 cane toads
  8 komodo dragons
  A rime drake (Lair:1)
  A meliai (Lair:4)
  A polar bear (Lair:4)
  12 blink frogs
  A hornet (D:8)
  7 dream sheep
  Sigmund (D:2)
  5 wyverns
  8 yaks
  3 basilisks
  8 water moccasins
  An ice beast (D:8)
  2 black bears
  An ogre (D:5)
  A hornet zombie (D:8)
  3 centaurs
  10 wolves (Lair:2)
  6 kobold brigands
  10 bullfrogs
  2 gnoll sergeants
  A scorpion (D:6)
  3 necrophages
  A wight (D:8)
  4 killer bees (Lair:4)
  A howler monkey (D:7)
  2 electric eels (Lair:2)
  3 hounds
  A gnoll shaman (D:8)
  3 orc priests
  A jelly (D:5)
  Terence (D:2)
  An iguana (D:6)
  3 orc wizards
  Natasha (twice) (D:3)
  A mummy (D:5)
  21 gnolls
  7 adders
  3 river rats (Sewer)
  A shadow imp (D:8)
  An ufetubus (D:7)
  5 worms
  2 dart slugs
  29 orcs
  4 bats
  11 endoplasms
  7 giant cockroaches
  4 goblins
  7 hobgoblins
  7 jackals
  11 kobolds
  5 quokkas
  9 ball pythons
  3 frilled lizards (D:1)
  9 rats
277 creatures vanquished.

Vanquished Creatures (others)
  A quokka (D:3)
  A kobold (D:8)
  22 fungi
  54 plants
  9 withered plants (D:8)
87 creatures vanquished.

Grand Total: 364 creatures vanquished

Table legend:
 A = Non-vault XP
 B = Vault XP
 C = Vault XP percentage of total XP
 D = Non-vault monster count
 E = Vault monster count
 F = Vault count percentage of total count
                 A         B        C        D         E       F
            +---------+---------+-------+---------+---------+-------
      Total |   15665 |    9722 |  38.3 |     194 |      83 |  30.0
            +---------+---------+-------+---------+---------+-------
        D:1 |      46 |       0 |   0.0 |      26 |       0 |   0.0
        D:2 |      91 |     275 |  75.1 |      19 |       2 |   9.5
        D:3 |     321 |      35 |   9.8 |      23 |       1 |   4.2
        D:4 |     116 |       0 |   0.0 |      13 |       0 |   0.0
        D:5 |     711 |      18 |   2.5 |      20 |       1 |   4.8
        D:6 |     174 |      12 |   6.5 |       7 |       6 |  46.2
        D:7 |     495 |       0 |   0.0 |       9 |       0 |   0.0
        D:8 |    1214 |    1466 |  54.7 |      27 |      11 |  28.9
     Lair:1 |    2788 |     586 |  17.4 |      11 |       2 |  15.4
     Lair:2 |    2996 |    6169 |  67.3 |      13 |      27 |  67.5
     Lair:3 |    2942 |       0 |   0.0 |      14 |       0 |   0.0
     Lair:4 |    3771 |     557 |  12.9 |      12 |       5 |  29.4
      Sewer |       0 |     604 | 100.0 |       0 |      28 | 100.0
            +---------+---------+-------+---------+---------+-------

Illustrated notes

Table legend:
 A = Kills in this place as a percentage of kills in entire the game.
 B = Kills by you in this place as a percentage of kills by you in the entire game.
 C = Kills by friends in this place as a percentage of kills by friends in the entire game.
 D = Other kills in this place as a percentage of other kills in the entire game.
 E = Experience gained in this place as a percentage of experience gained in the entire game.
 F = Experience gained in this place divided by the number of levels of this place that you have seen.
                   A       B       C       D       E      F
               +-------+-------+-------+-------+-------+----------------------
         Total | 100.0 | 100.0 |   N/A |   N/A | 100.0 | 1692.5
       Dungeon |  59.6 |  59.6 |   N/A |   N/A |  19.6 | 552.7
          Lair |  30.3 |  30.3 |   N/A |   N/A |  78.0 | 4952.2
         Sewer |  10.1 |  10.1 |   N/A |   N/A |   2.4 | 604.0
               +-------+-------+-------+-------+-------+----------------------

Table legend: (Time is in decaauts)
 A = Elapsed time spent in this place.
 B = Non-inter-level travel time spent in this place.
 C = Inter-level travel time spent in this place.
 D = Time resting spent in this place.
 E = Time spent auto-exploring this place.
 F = Levels seen in this place.
 G = Mean time per level.
                   A        B        C        D        E       F      G
               +--------+--------+--------+--------+--------+-----+--------+
         Total |  11243 |  10586 |    657 |   1605 |   7168 |  15 |  749.5 |
       Dungeon |   7097 |   6535 |    562 |    681 |   4844 |   9 |  788.6 |
        Temple |     83 |     74 |      9 |      0 |     49 |   1 |   83.0 |
          Lair |   3166 |   3081 |     85 |    924 |   1615 |   4 |  791.5 |
         Sewer |    895 |    895 |      0 |      0 |    660 |   1 |  895.0 |
               +--------+--------+--------+--------+--------+-----+--------+

Top non-repeatable levels by time:
     D:2: 1310 daAuts
     D:8: 1197 daAuts
  Lair:2: 1137 daAuts
     D:4: 972 daAuts
     D:1: 933 daAuts
  Lair:4: 905 daAuts
   Sewer: 895 daAuts
     D:3: 880 daAuts
     D:5: 849 daAuts
     D:6: 758 daAuts
  Lair:3: 605 daAuts
  Lair:1: 517 daAuts
     D:7: 193 daAuts
  Temple: 83 daAuts
     D:9: 1 daAuts
